 Dungeon Crawl Stone Soup version 0.30-a0-591-g3c58d2bc28 (webtiles) character file.

Game seed: 9732462910101893490

2 sokol815 the Sneak (level 1, -2/11 HPs)
             Began as a Vine Stalker Delver on Jan 5, 2023.
             Slain by a scorpion (4 damage)
             ... in the Ecumenical Temple.
             The game lasted 00:00:53 (102 turns).

sokol815 the Sneak (Vine Stalker Delver)             Turns: 102, Time: 00:00:54

Health: -2/11      AC:  4    Str: 14    XL:     1   Next: 30%
Magic:  0/2        EV: 11    Int: 10    God:
Gold:   0          SH:  0    Dex: 15    Spells: 0/0 levels left

rFire   . . .      SeeInvis .    a - +0 hand axe
rCold   . . .      Faith    .    (no shield)
rNeg    . . .      Spirit   +    b - +0 leather armour
rPois   .          Reflect  .    (no helmet)
rElec   .          Harm     .    (no cloak)
rCorr   .          Rampage  .    (no gloves)
Will    .....                    f - +0 pair of boots
Stlth   +++                      (no amulet)
HPRegen 0.21/turn                (no ring)
MPRegen 0.08/turn                (no ring)

@: hasted, very quick
A: fangs 2, magic shield, antimagic bite, no potion heal 2
a: no special abilities


You were in the Ecumenical Temple.
You visited 2 branches of the dungeon, and saw 2 of its levels.

Inventory:

Hand Weapons
 a - a +0 hand axe (weapon)
Armour
 b - a +0 leather armour (worn)
 f - a +0 pair of boots (worn)
   (You found it on level 5 of the Dungeon)
Magical Staves
 e - a staff of air {rElec}
   (You found it on level 5 of the Dungeon)
Wands
 d - a wand of digging (3)
Scrolls
 c - a scroll of fog
 E - a scroll of fear


   Skills:
 - Level 2.6 Fighting
 + Level 2.0 Axes
 - Level 1.5 Dodging
 - Level 6.0 Stealth


You couldn't memorise any spells.
You didn't know any spells.
Your spell library was empty.

Dungeon Overview and Level Annotations

Branches:
Dungeon (5/15) Zot: 5908   Temple (1/1) D:5 Zot: 5995

Altars:
Ashenzari
Cheibriados
Elyvilon
Makhleb
Yredelemnul
The Shining One


Innate Abilities, Weirdness & Mutations

You have extremely sharp teeth.
When hurt, damage is shared between your health and your magic reserves.
Your bite disrupts and absorbs the magic of your enemies.
Potions cannot restore your health.


Message History

Bad channel name for runrest: 'Jiyva says: Divide and consume' Welcome, sokol815 the Vine Stalker Delver.
Below lies the Orb of Zot, rumoured to be powerful enough to resurrect a god...
Found a stone staircase leading down.
Setting a skill training target for Axes at 14.0.
You open the door.
There is an open door here.
e - a staff of air {rElec} You open the door.
There is an open door here.
f - a +0 pair of boots You start putting on your armour.
You continue putting on your +0 pair of boots. x4
You finish putting on your +0 pair of boots.
There is an open door here.
You open the door.
An orc comes into view. It is wielding a +0 hand axe.
The orc shouts!
You hear a shout! x2
There is an open door here.
You hit the orc but do no damage. The orc barely misses you.
You hit the orc.
You kill the orc!
Your Axes skill increases to level 2!
No target in view!
No target in view!
An orc and 2 orc wizards come into view.
The orc wizard shouts!
The orc wizard casts a spell.
The orc wizard flickers and vanishes!
Deactivating autopickup; reactivate with Ctrl-A.
The orc moves out of view.
The orc wizard shouts!
You see here a +0 hand axe.
Unknown command.
There is an open door here.
Really read
X - a scroll of magic mapping {@r4!r}?
As you read the scroll of magic mapping {@r4!r}, it crumbles to dust.
You feel aware of your surroundings.
There is an open door here.
A scorpion comes into view.
You feel yourself speed up.
The orc wizard mumbles some strange words.
The orc wizard flickers and vanishes!
You are confused.
Found a staircase to the Ecumenical Temple.
The orc shouts!
Found a stone staircase leading down.
Unknown command.
The scorpion barely misses you.
An iguana comes into view.
The iguana hisses angrily.
Unknown command.
The scorpion closely misses you.
You're too confused to move!
The scorpion closely misses you.
You feel less confused.
A magic dart appears from out of thin air!
The magic dart hits you.
You take 2 damage, and have 9/11 hp.
Unknown command.
An orc wizard appears from thin air!
Reactivating autopickup.
The orc wizard points at you and mumbles some strange words.
There is a staircase to the Ecumenical Temple here.
You climb downwards.
Welcome to the Ecumenical Temple!
Found six altars.
There is a staircase back to the Dungeon here.
You hit the scorpion. You bite the scorpion. You drain its power.
The scorpion closely misses you.
You hit the scorpion. You bite the scorpion. You drain its power.
The scorpion stings you but does no damage.
You barely miss the scorpion. Your bite misses the scorpion.
The scorpion stings you!
Ouch! That really hurt!
You take 6 damage, and have 4/11 hp.
MASSIVE DAMAGE!!
You now have 1/2 mp.
You barely miss the scorpion.
You bite the scorpion, but do no damage.
The scorpion stings you.
* * * LOW HITPOINT WARNING * * *
You take 3 damage, and have 1/11 hp.
MASSIVE DAMAGE!!
You now have 0/2 mp.
You closely miss the scorpion. The scorpion stings you.
You die...

...............
...............
...............
......._.......
...............
._..........._.
...............
.......@.......
......s........
..._......._...
...............
...............
...............
......._.......
...............


You could see a scorpion.

Vanquished Creatures
  An orc (D:5)
1 creature vanquished.

Notes
Turn   | Place    | Note
-------+----------+-------------------------------------------
     0 | D:5      | sokol815 the Vine Stalker Delver began the quest for the
                  | Orb.
     0 | D:5      | Reached XP level 1. HP: 11/11 MP: 2/2
    52 | D:5      | Reached skill level 2 in Axes
    52 | D:5      | Noticed an orc wizard
    52 | D:5      | Noticed an orc wizard
    77 | D:5      | Noticed a scorpion
    83 | D:5      | Found a staircase to the Ecumenical Temple.
    86 | D:5      | Noticed an iguana
    97 | Temple   | Entered the Ecumenical Temple
   101 | Temple   | HP: 1/11 [scorpion (3)]
   102 | Temple   | Slain by a scorpion

Illustrated notes

Levels and vault maps discovered:
D:5:      layout_gridville, minmay_temple_entry_trees
Temple:   compressed_dpeg_triangle_lava_temple

Skill      XL: |  1 |
---------------+----+-----
Axes           | 2 |  2.0
Fighting       | |  2.6
Dodging        | |  1.5
Stealth        | |  6.0

Action                   || total
-------------------------++-------
Melee: Hand axe          ||     7
       Bite              ||     3
  Use: Scroll            ||     1
       Potion            ||     1
Armor: Leather armour    ||     1
Dodge: Dodged            ||     5

Table legend: (Time is in decaauts)
 A = Elapsed time spent in this place.
 B = Non-inter-level travel time spent in this place.
 C = Inter-level travel time spent in this place.
 D = Time resting spent in this place.
 E = Time spent auto-exploring this place.
 F = Levels seen in this place.
 G = Mean time per level.
                   A        B        C        D        E       F      G
               +--------+--------+--------+--------+--------+-----+--------+
         Total |     95 |     95 |      0 |      0 |     41 |   2 |   47.5 |
       Dungeon |     91 |     91 |      0 |      0 |     41 |   1 |   91.0 |
        Temple |      3 |      3 |      0 |      0 |      0 |   1 |    3.0 |
               +--------+--------+--------+--------+--------+-----+--------+

Top non-repeatable levels by time:
     D:5: 91 daAuts
  Temple: 3 daAuts

Table legend:
 A = Kills in this place as a percentage of kills in entire the game.
 B = Kills by you in this place as a percentage of kills by you in the entire game.
 C = Kills by friends in this place as a percentage of kills by friends in the entire game.
 D = Other kills in this place as a percentage of other kills in the entire game.
 E = Experience gained in this place as a percentage of experience gained in the entire game.
 F = Experience gained in this place divided by the number of levels of this place that you have seen.
                   A       B       C       D       E      F
               +-------+-------+-------+-------+-------+----------------------
         Total | 100.0 | 100.0 |   N/A |   N/A | 100.0 |   1.5
       Dungeon | 100.0 | 100.0 |   N/A |   N/A | 100.0 |   3.0
               +-------+-------+-------+-------+-------+----------------------
